 Dungeon Crawl Stone Soup version 0.27.1-1-g398f81649c (webtiles) character file.

Game seed: 2085956024287707450

102188 bnorton916 the Eclecticist (level 15, -15/84 HPs)
             Began as a Deep Elf Conjurer on Sept 8, 2021.
             Was an Initiate of Gozag.
             Killed from afar by Jorgrun (17 damage)
             ... with a blast of rock fragments
             ... on level 2 of the Spider Nest.
             The game lasted 01:40:12 (51111 turns).

bnorton916 the Eclecticist (Deep Elf Conjurer)     Turns: 51111, Time: 01:40:14

Health: -15/84     AC:  9    Str:  7    XL:     15   Next: 85%
Magic:  11/36      EV:  7    Int: 27    God:    Gozag
Gold:   1494       SH:  0    Dex: 13    Spells: 13/45 levels left

rFire    + . .     SeeInvis +   Y - +4 long sword of Utytt {freeze, rCorr SInv}
rCold    . . .     Faith    .   Z - +0 buckler of Leaves {*Corrode rElec Will+ SInv}
rNeg     . . .     Spirit   .   X - +2 robe {Will+}
rPois    .         Reflect  .   C - +0 helmet {SInv}
rElec    +         Harm     .   M - +0 cloak
rCorr    +         Rampage  .   k - +2 pair of gloves
Will     ++++.                  (no boots)
Stlth    ++........             S - amulet of regeneration
HPRegen  1.24/turn              g - ring of willpower
MPRegen  0.25/turn              m - ring of protection from fire

@: lethally poisoned (-15 -> -32), grasped by roots, held, constricted
A: no striking features
a: Renounce Religion, Potion Petition, Call Merchant, Bribe Branch


You were on level 2 of the Spider Nest.
You worshipped Gozag.
Gozag was most pleased with you.
You visited 4 branches of the dungeon, and saw 20 of its levels.

You collected 8363 gold pieces.
You spent 4530 gold pieces at shops.
You paid 2339 gold pieces to Gozag.

Inventory:

Hand Weapons
 B - a +3 dagger of venom
 Y - the +4 long sword of Utytt (weapon) {freeze, rCorr SInv}
   (You found it on level 1 of the Orcish Mines)

   It freezes those it strikes, dealing additional cold damage.
   It can also slow down cold-blooded creatures.
   SInv:      It lets you see invisible.
   rCorr:     It protects you from acid and corrosion.
Missiles
 d - 650 stones
Armour
 k - a +2 pair of gloves (worn)
 C - a +0 helmet of see invisible (worn)
 M - a +0 cloak (worn)
 X - a +2 robe of willpower (worn)
 Z - the +0 buckler of Leaves (worn) {*Corrode rElec Will+ SInv}
   (You bought it in a shop on level 1 of the Lair of Beasts)

   rElec:     It insulates you from electricity.
   SInv:      It lets you see invisible.
   *Corrode:  It may corrode you when you take damage.
   Will:      It increases your willpower.
Jewellery
 a - a ring of ice
 g - a ring of willpower (left hand)
 m - a ring of protection from fire (right hand)
 r - a ring of resist corrosion
 G - a ring of protection from fire
 S - an amulet of regeneration (around neck)
 T - a +4 ring of evasion
 U - a ring of ice
Wands
 D - a wand of flame (56)
 E - a wand of iceblast (26)
 H - a wand of digging (7)
 J - a wand of acid (13)
 K - a wand of mindburst (13)
 O - a wand of paralysis (1)
 P - a wand of polymorph (19)
Scrolls
 b - 8 scrolls of teleportation
 h - a scroll of identify
 i - 4 scrolls of noise
 l - a scroll of vulnerability
 p - 6 scrolls of enchant armour
 q - 2 scrolls of immolation
 s - 2 scrolls of fog
 w - 6 scrolls of blinking
 y - 5 scrolls of amnesia
 z - a scroll of enchant weapon
 F - a scroll of silence {unknown}
 I - 4 scrolls of fear
 L - 2 scrolls of holy word
 W - a scroll of acquirement {unknown}
Potions
 c - 5 potions of lignification
 e - 2 potions of resistance
 f - 3 potions of haste
 j - 2 potions of heal wounds
 o - 3 potions of might
 t - 12 potions of curing
 v - 2 potions of mutation
 x - a potion of berserk rage
 A - a potion of invisibility
 N - a potion of flight
 Q - a potion of magic
 R - a potion of attraction
 V - a potion of brilliance


   Skills:
 - Level 6.0 Fighting
 - Level 4.0 Armour
 - Level 15.6 Dodging
 - Level 2.4 Stealth
 - Level 4.1 Shields
 - Level 15.9 Spellcasting
 - Level 15.7 Conjurations
 - Level 6.5 Hexes
 - Level 5.4 Translocations
 + Level 8.4 Fire Magic
 + Level 11.8 Earth Magic
 - Level 6.3 Poison Magic


You had 13 spell levels left.
You knew the following spells:

 Your Spells              Type           Power      Damage    Failure   Level
a - Magic Dart            Conj           100%       1d8       0%          1
b - Searing Ray           Conj           100%       3d7       0%          2
c - Fulminant Prism       Conj/Hex       34%        3d16      1%          4
d - Iskenderun's Mystic   Conj/Tloc      68%        2d14      1%          4
e - Stone Arrow           Conj/Erth      100%       3d13      1%          3
f - Poisonous Vapours     Pois/Air       76%        N/A       1%          2
g - Orb of Destruction    Conj           41%        9d14      3%          7
h - Fireball              Conj/Fire      36%        3d15      1%          5
i - Olgreb's Toxic Radia  Pois           54%        N/A       1%          4

Your spell library contained the following spells:

 Spells                   Type           Power      Damage    Failure   Level
 Apportation              Tloc           100%       N/A       1%          1
 Sting                    Tmut/Pois      100%       1d8       1%          1
 Blink                    Tloc           N/A        N/A       1%          2
 Dazzling Flash           Conj/Hex       100%       N/A       1%          3
 Lesser Beckoning         Tloc           25%        N/A       1%          3
 Spider Form              Tmut/Pois      19%        N/A       1%          3
 Bolt of Magma            Conj/Fire/Erth 36%        4d16      1%          5
 Iskenderun's Battlesphe  Conj           82%        2d13      1%          5
 Animate Skeleton         Necr           42%        N/A       2%          1
 Beastly Appendage        Tmut           42%        N/A       2%          1
 Pain                     Necr           84%        1d8       2%          1
 Corpse Rot               Necr/Air       N/A        N/A       3%          2
 Wereblood                Tmut           21%        N/A       3%          2
 Vampiric Draining        Necr           10%        2d7       7%          3
 Manifold Assault         Tloc           50%        N/A       7%          5
 Conjure Ball Lightning   Conj/Air       29%        3x3d8     14%         6
 Summon Mana Viper        Hex/Summ       39%        N/A       17%         5
 Alistair's Intoxication  Tmut/Pois      25%        N/A       19%         5
 Dispel Undead            Necr           21%        3d11      24%         4
 Summon Ice Beast         Ice/Summ       21%        N/A       24%         4
 Invisibility             Hex            27%        N/A       24%         6
 Death Channel            Necr           10%        N/A       98%         6
 Monstrous Menagerie      Summ           10%        N/A       100%        7
 Shatter                  Erth           35%        3d28*     100%        9


Dungeon Overview and Level Annotations

Branches:
Dungeon (10/15)            Temple (0/1) D:6            Lair (6/6) D:10
 Shoals (0/4) Lair:2       Spider (2/4) Lair:2        Slime (0/5) Lair:5
    Orc (2/2) D:9             Elf (0/3) Orc:2

Altars:
Cheibriados
Gozag
Kikubaaqudgha
Ru
Xom
Beogh

Shops:
D:8 =   Orc:2 ::[[(=*(*   Lair:1 ::[

Annotations:
D:9 2 runed translucent doors
Spider:2 Arachne, Jorgrun
Orc:2 3 exclusions


Message History

Arachne is knocked back by the mystic blast.
Arachne slams into the rock wall!
The mystic blast hits Jorgrun!
Jorgrun is almost dead.
Jorgrun is knocked back by the mystic blast.
Jorgrun slams into the rock wall!
The mystic blast hits the wolf spider.
The wolf spider is moderately wounded.
The wolf spider is knocked back by the mystic blast.
You hear an angry hiss.
Jorgrun casts a spell at you. You resist with almost no effort.
Unknown command.
Arachne hits you with a staff of poison!!
Arachne envenoms you!
You are poisoned.
Arachne's staff shoots out a stream of webbing.
The stream of webbing hits you but does no damage.
You are caught in a web!
Jorgrun gestures at you while chanting.
Roots burst forth from the earth!
The grasping roots grab you! The grasping roots constrict you!
There is a web, spattered with blood here.
You struggle to detach yourself from the web.
You feel sick.
Arachne hits you with a staff of poison!!
* * * LOW HITPOINT WARNING * * *
Arachne envenoms you.
* * * LOW HITPOINT WARNING * * *
You are more poisoned.
The wolf spider barely misses you.
You riposte.
You slash the wolf spider! You freeze the wolf spider.
The wolf spider is heavily wounded.
The wolf spider bites you!
* * * LOW HITPOINT WARNING * * *
You are lethally poisoned!
The wolf spider poisons you! Jorgrun casts a spell at you.
The wall shatters!
The blast of rock fragments hits you!
You die...
Your body crumbles into a pile of gold.

### ###.###
###...#.#
##.g.....##
##.........#
###(....s@..<#
##.......H.#..#
#.....##...#.....
#."...########.....
#.....## #..#..
##...# ###### ....
!....# .....##


You could see Arachne, Jorgrun and a wolf spider.

Vanquished Creatures
  Kirke (Lair:5)
  2 orc warlords
  A stone giant (Orc:1)
  3 ettins (Orc:1)
  Josephine (Orc:1)
  An ogre mage (Orc:1)
  Fannar (Orc:1)
  2 catoblepae
  6 hydras
  An ice dragon (Lair:6)
  A boulder beetle (Spider:1)
  Erica (D:8)
  3 two-headed ogres
  5 death yaks
  A titan zombie (Orc:1)
  3 orc high priests
  Sonja (Lair:6)
  3 spectral wolf spiders (Spider:1)
  Pikel (D:8)
  4 orc sorcerers
  A lindwurm (Lair:6)
  5 orb spiders
  10 wolf spiders (Spider:1)
  13 cyclopes (Orc:1)
  4 orc knights
  2 stone giant zombies (Orc:1)
  3 wolf spider zombies (Spider:1)
  10 elephants
  4 oklob plants
  Maurice (D:8)
  2 black mambas
  A gargoyle (D:10)
  A merfolk siren (Lair:2)
  6 torpor snails
  16 cane toads
  2 rime drakes
  10 komodo dragons
  3 demonic crawlers (Spider:1)
  3 merfolk (Lair:2)
  8 jumping spiders (Spider:1)
  9 hornets
  12 polar bears
  5 trolls
  7 wolf spider simulacra (Spider:1)
  Prince Ribbit (D:5)
  4 tyrant leeches (Lair:6)
  12 blink frogs
  11 dream sheep
  19 redbacks (Spider:1)
  3 shadows (D:9)
  7 tarantellas (Spider:1)
  5 wraiths
  3 hogs (Lair:5)
  4 wyverns
  14 yaks
  5 basilisks
  3 vampire mosquitoes (D:5)
  16 wargs
  15 hell hounds (Lair:6)
  17 water moccasins
  43 orc warriors
  An ice beast (D:8)
  3 sky beasts
  3 necrophages
  12 ogres
  12 black bears
  33 wolves
  5 centaurs
  A lemure (D:7)
  A phantom (D:9)
  3 kobold brigands
  10 bullfrogs
  A wyvern zombie (D:6)
  A cyclops zombie (Orc:1)
  A scorpion (D:6)
  A water moccasin skeleton (D:7)
  6 killer bees (D:10)
  10 wights
  6 electric eels
  4 howler monkeys (D:8)
  A bullfrog zombie (D:6)
  2 centaur zombies
  7 hounds
  19 orc priests
  3 bullfrog skeletons
  4 jellies
  4 gnoll shamans
  A centaur skeleton (D:4)
  Jessica (D:3)
  An iguana (D:4)
  27 orc wizards
  A killer bee zombie (D:8)
  6 ogre zombies (D:9)
  12 gnolls
  7 adders
  A shadow imp (D:7)
  3 white imps
  An adder skeleton (D:4)
  A worm (D:3)
  2 dart slugs
  59 orcs
  6 ball pythons
  3 bats
  9 endoplasms
  7 giant cockroaches
  5 goblins
  8 hobgoblins
  9 kobolds
  5 quokkas
  A frilled lizard (D:2)
  A goblin skeleton (D:9)
  2 goblin zombies (D:9)
  3 hobgoblin skeletons (D:9)
  2 hobgoblin zombies (D:9)
  2 orc skeletons (D:9)
  9 orc zombies (D:9)
  8 rats
719 creatures vanquished.

Vanquished Creatures (others)
  An orc priest (D:5)
  4 orcs (D:5)
  132 fulminant prisms
  44 fungi
  117 plants
298 creatures vanquished.

Grand Total: 1017 creatures vanquished

Notes
Turn   | Place    | Note
-------+----------+-------------------------------------------
     0 | D:1      | bnorton916 the Deep Elf Conjurer began the quest for the
                  | Orb.
     0 | D:1      | Reached XP level 1. HP: 10/10 MP: 6/6
   102 | D:1      | Found a faded altar of an unknown god.
   189 | D:1      | Reached XP level 2. HP: 15/15 MP: 1/8
  1283 | D:2      | Reached skill level 5 in Conjurations
  1283 | D:2      | Reached XP level 3. HP: 19/19 MP: 8/10
  1941 | D:2      | Reached XP level 4. HP: 24/24 MP: 9/12
  2448 | D:3      | Noticed Jessica
  2450 | D:3      | Killed Jessica
  2451 | D:3      | Reached skill level 5 in Spellcasting
  2517 | D:3      | Found an opulent altar of Gozag.
  2531 | D:3      | Found a snail-covered altar of Cheibriados.
  2531 | D:3      | Found a sacrificial altar of Ru.
  2540 | D:3      | Learned a level 2 spell: Searing Ray
  2543 | D:3      | Became a worshipper of Gozag Ym Sagoz the Greedy
  2916 | D:4      | Reached XP level 5. HP: 28/28 MP: 5/15
  3577 | D:4      | Reached XP level 6. HP: 32/32 MP: 13/17
  3936 | D:5      | Entered Level 5 of the Dungeon
  3950 | D:5      | Noticed a vampire mosquito
  3950 | D:5      | Noticed a vampire mosquito
  3951 | D:5      | Noticed a vampire mosquito
  3959 | D:5      | Killed a vampire mosquito
  3961 | D:5      | Killed a vampire mosquito
  3962 | D:5      | Reached XP level 7. HP: 27/36 MP: 11/20
  3969 | D:5      | Learned a level 4 spell: Fulminant Prism
  3974 | D:5      | Learned a level 4 spell: Iskenderun's Mystic Blast
  4080 | D:5      | Reached skill level 1 in Hexes
  4080 | D:5      | Reached skill level 1 in Translocations
  4162 | D:5      | Killed a vampire mosquito
  4552 | D:5      | Noticed a two-headed ogre
  4563 | D:5      | Killed a two-headed ogre
  4564 | D:5      | Reached skill level 5 in Translocations
  4564 | D:5      | Reached XP level 8. HP: 41/41 MP: 3/21
  4915 | D:5      | Reached skill level 1 in Armour
  5343 | D:5      | Noticed Prince Ribbit
  5352 | D:5      | Killed Prince Ribbit
  5783 | D:6      | Reached XP level 9. HP: 45/45 MP: 15/22
  5866 | D:6      | Found a staircase to the Ecumenical Temple.
  5974 | D:6      | Reached skill level 5 in Dodging
  6779 | D:6      | Reached skill level 1 in Fighting
  7323 | D:7      | Found an ancient bone altar of Kikubaaqudgha.
  8958 | D:8      | Noticed Erica
  9155 | D:6      | Reached XP level 10. HP: 58/58 MP: 16/23
  9227 | D:8      | Reached skill level 5 in Fighting
  9294 | D:8      | Noticed Maurice
  9762 | D:8      | Noticed Pikel
  9768 | D:8      | Killed Pikel
  9786 | D:8      | Killed Maurice
 10174 | D:8      | Killed Erica
 10939 | D:8      | Found Narekh's Jewellery Boutique.
 11439 | D:8      | Reached skill level 10 in Spellcasting
 12134 | D:9      | Found a staircase to the Orcish Mines.
 12906 | D:9      | Reached XP level 11. HP: 33/64 MP: 2/27
 13600 | D:9      | Found a large runed translucent door.
 13601 | D:9      | Found a large runed translucent door.
 13689 | D:10     | Entered Level 10 of the Dungeon
 13722 | D:10     | Reached skill level 10 in Conjurations
 14513 | D:10     | Noticed a two-headed ogre
 14520 | D:10     | Killed a two-headed ogre
 14817 | D:10     | Found a staircase to the Lair.
 15788 | Lair:1   | Entered Level 1 of the Lair of Beasts
 15815 | Lair:1   | Bought a book of the Earth for 520 gold pieces
 15819 | Lair:1   | Learned a level 3 spell: Stone Arrow
 16109 | Lair:1   | Reached skill level 1 in Earth Magic
 16696 | Lair:2   | Found a hole to the Spider Nest.
 16696 | Lair:2   | Noticed an orb spider
 16709 | Lair:2   | Killed an orb spider
 16788 | Lair:2   | Noticed an eight-headed hydra
 16798 | Lair:2   | Killed an eight-headed hydra
 17512 | Lair:2   | Learned a level 2 spell: Poisonous Vapours
 17911 | Lair:2   | Reached XP level 12. HP: 60/70 MP: 8/31
 17993 | Lair:2   | Reached skill level 5 in Earth Magic
 18701 | Lair:2   | Found a staircase to the Shoals.
 19139 | Lair:2   | Identified the +1 leather armour "Ykolioz" {-Cast Will+
                  | Int-4 Dex+8}
 19238 | Lair:3   | Noticed a four-headed hydra
 19621 | Lair:3   | Found a shimmering altar of Xom.
 20565 | Lair:3   | Killed a four-headed hydra
 21572 | Lair:4   | Noticed an eight-headed hydra
 21579 | Lair:4   | Killed an eight-headed hydra
 21812 | Lair:4   | Noticed a seven-headed hydra
 21818 | Lair:4   | Killed a seven-headed hydra
 21935 | Lair:4   | Noticed a death yak
 21935 | Lair:4   | Noticed a death yak
 21935 | Lair:4   | Noticed a death yak
 21936 | Lair:4   | Noticed a death yak
 21938 | Lair:4   | Noticed a death yak
 21954 | Lair:4   | Killed a death yak
 22895 | Lair:4   | Reached XP level 13. HP: 74/74 MP: 23/33
 25830 | Lair:1   | Bought a manual of Dodging for 1120 gold pieces
 26150 | Lair:5   | Noticed Kirke
 26163 | Lair:5   | Reached skill level 10 in Earth Magic
 26169 | Lair:5   | Killed Kirke
 27600 | Lair:5   | Found a staircase to the Slime Pits.
 27612 | Lair:5   | Reached skill level 10 in Dodging
 27948 | Lair:6   | Entered Level 6 of the Lair of Beasts
 27948 | Lair:6   | Noticed Sonja
 27949 | Lair:6   | Killed Sonja
 29592 | Lair:6   | Reached XP level 14. HP: 80/80 MP: 17/34
 30137 | Lair:6   | Reached skill level 15 in Dodging
 30895 | Lair:6   | Learned a level 7 spell: Orb of Destruction
 30941 | Lair:6   | Found a runed translucent door.
 31167 | Lair:6   | Learned a level 5 spell: Fireball
 31203 | Lair:6   | Reached skill level 1 in Fire Magic
 33907 | Lair:6   | Reached skill level 15 in Conjurations
 34097 | Lair:1   | Bought a +2 robe of willpower for 283 gold pieces
 34142 | Lair:1   | Learned a level 4 spell: Olgreb's Toxic Radiance
 34200 | Orc:1    | Entered Level 1 of the Orcish Mines
 34201 | Orc:1    | Noticed Fannar
 34572 | Orc:1    | Killed Fannar
 34573 | Orc:1    | Reached skill level 1 in Poison Magic
 35204 | Orc:1    | Reached skill level 5 in Fire Magic
 35485 | Orc:1    | Reached skill level 1 in Shields
 36742 | Orc:1    | Noticed a stone giant
 36786 | Orc:1    | Killed a stone giant
 37202 | Orc:1    | Noticed Josephine
 37206 | Orc:1    | Killed Josephine
 37207 | Orc:1    | Reached skill level 5 in Poison Magic
 38166 | Orc:1    | Reached XP level 15. HP: 84/84 MP: 0/35
 38483 | Orc:1    | Identified the +6 lajatang of Armageddon {venom, *Corrode
                  | rN++}
 38484 | Orc:1    | Identified the +3 morningstar of Zinearr {vorpal, Str+2
                  | SInv}
 38486 | Orc:1    | Identified the +6 hand crossbow "Duutrax" {elec, rN+++}
 38487 | Orc:1    | Identified the +1 rapier "Cioteusy" {freeze, +Blink rF+
                  | Str+4}
 38489 | Orc:1    | Identified the +4 long sword of Utytt {freeze, rCorr SInv}
 39150 | Lair:1   | Bought the +0 buckler of Leaves {*Corrode rElec Will+ SInv}
                  | for 363 gold pieces
 39252 | Orc:1    | Noticed an orc warlord
 39274 | Orc:1    | Killed an orc warlord
 40252 | Orc:2    | Entered Level 2 of the Orcish Mines
 40259 | Orc:2    | Reached skill level 15 in Spellcasting
 40689 | Orc:2    | Found a staircase to the Elven Halls.
 40837 | Orc:2    | Found Diteud's Antique Weapon Shop.
 40953 | Orc:2    | Noticed an orc warlord
 43901 | Orc:2    | Killed an orc warlord
 44708 | Orc:2    | Found Noklolum's General Store.
 44712 | Orc:2    | Bought a scroll of identify for 30 gold pieces
 44712 | Orc:2    | Bought a scroll of identify for 30 gold pieces
 44810 | Orc:2    | Found Dyxkoah's General Store.
 44816 | Orc:2    | Found Ycaozyv's Antique Weapon Emporium.
 44827 | Orc:2    | Found Ocsag's Antique Armour Emporium.
 44946 | Orc:2    | Found Cyik's Antique Armour Boutique.
 45243 | Orc:2    | Found Qemm's Book Boutique.
 45296 | Orc:2    | Found Kuiluh's Book Shoppe.
 45625 | Orc:2    | Bought a scroll of identify for 30 gold pieces
 45625 | Orc:2    | Bought a scroll of identify for 30 gold pieces
 45663 | Orc:2    | Found Viupn's Jewellery Emporium.
 45692 | Orc:2    | Bought a glowing helmet for 210 gold pieces
 45712 | Orc:2    | Bought a twisted robe for 159 gold pieces
 45712 | Orc:2    | Identified the +0 robe of Dull Wonder {rC+ Will+} (You
                  | bought it in a shop on level 2 of the Orcish Mines)
 45789 | Orc:2    | Bought faintly glowing fire dragon scales for 1755 gold
                  | pieces
 45789 | Orc:2    | Identified the +7 fire dragon scales of Moral Flaws {Harm
                  | rPois rF++ rC- Dex-4} (You bought it in a shop on level 2
                  | of the Orcish Mines)
 45942 | Spider:1 | Entered Level 1 of the Spider Nest
 50930 | Spider:1 | Glimpsed the power of Zot.
 51094 | Spider:2 | Noticed Jorgrun
 51097 | Spider:2 | Noticed Arachne
 51111 | Spider:2 | HP: 2/84 [wolf spider (8)]
 51111 | Spider:2 | Killed from afar by Jorgrun

Illustrated notes

Levels and vault maps discovered:
D:1:      nicolae_arrival_washed_ashore, layout_loops_ring,
          ebering_ecumenical_altar_sacrificial, corner_web_ring
D:2:      minmay_skewed_foursquare, layout_loops_ring, fountainhead,
          minmay_tall_x
D:3:      layout_rooms, grunt_temple_overflow_open, uniq_jessica
D:4:      layout_loops_ring
D:5:      layout_loops_ring, lemuel_flamethrower_2, uniq_prince_ribbit1
D:6:      layout_loops_corners, temple_pool_b, hex_medium, minmay_bent
D:7:      layout_basic, mainiacjoe_overflow_concentric_impassable,
          serial_rivers, chequers_serial_rivers_large_a,
          chequers_serial_rivers_room_b, chequers_serial_rivers_micro_d,
          chequers_serial_rivers_micro_a, chequers_serial_rivers_large_b,
          chequers_serial_rivers_micro_e
D:8:      layout_loops_ring, serial_shops, nicolae_shop_behind_doors,
          minmay_crystal_room, kennysheep_kite_vault, uniq_maurice, uniq_pikel,
          uniq_erica
D:9:      layout_basic, jmf_multi_god_temple2, zombieorc1_lemuel
D:10:     layout_roguey, erik_lair_orcish_takeover, minmay_misc_feat_rows,
          minmay_misc_feat_roman
Lair:1:   layout_chaotic_city, grunt_megastairs_1, serial_bayou_shore_b
Lair:2:   beast_lair_carwin_large_1, layout_big_grid, elwin_shoals_entry_stream,
          nicolae_spider_entry_orb_guardian
Lair:3:   layout_layer_cave, st_stairs_3, lemuel_oklob_altar,
          serial_bayou_shore_a
Lair:4:   layout_layer_cave
Lair:5:   layout_small_grid, minmay_slime_entry_oklob_enclosed,
          chequers_serial_rivers_micro_a, infiniplex_staircase_pool,
          serial_bayou_shore_b, serial_bayou_shore_b, serial_bayou_shore_b,
          uniq_kirke
Lair:6:   wormcave, layout_gridlike, hangedman_lair_caniforms_friends,
          st_stairs_12, serial_bayou_lake_a, grunt_megastairs_2, uniq_sonja
Spider:1: layout_spider_delve, drop_trap, nicolae_spider_undead_wolf_pack
Spider:2: layout_spider_delve, hangedman_spider_tarantella_strand, uniq_arachne,
          uniq_jorgrun
Orc:1:    giant_chief_lemuel, layout_caves, special_room [special_room_orc],
          uniq_fannar, uniq_josephine
Orc:2:    grunt_orc_cross, layout_caves, serial_shops, nicolae_square_shop,
          nicolae_lakefront_shop, nicolae_shop_stone, shop,
          nicolae_diamond_shop, basic_altar

Skill      XL: |  1  2  3  4  5  6  7  8  9 10 11 12 13 14 15 |
---------------+----------------------------------------------+-----
Spellcasting   | 4 5 6 7 10 13 14 15 | 15.9
Conjurations   | 5 6 7 9 11 13 14 15 | 15.7
Hexes          | 6 |  6.5
Translocations | 5 |  5.4
Dodging        | 4 7 14 15 | 15.6
Armour         | 2 4 |  4.0
Fighting       | 4 6 |  6.0
Earth Magic    | 4 8 10 11 | 11.8
Fire Magic     | 5 8 |  8.4
Poison Magic   | 5 6 |  6.3
Shields        | 3 4 |  4.1
Stealth        | |  2.4

Action                   |  1- 3 |  4- 6 |  7- 9 | 10-12 | 13-15 || total
-------------------------+-------+-------+-------+-------+-------++-------
Melee: Dagger            |       |       |       |    15 |    62 ||    77
       Long sword        |       |       |       |       |    11 ||    11
 Cast: Magic Dart        |    80 |    85 |   121 |   140 |    74 ||   500
       Searing Ray       |       |     3 |    36 |    93 |    31 ||   163
       Fulminant Prism   |       |       |    11 |    59 |    63 ||   133
       Iskenderun's Myst |       |       |    11 |    64 |   125 ||   200
       Poisonous Vapours |       |       |       |    13 |       ||    13
       Stone Arrow       |       |       |       |    45 |   323 ||   368
       Orb of Destructio |       |       |       |       |   133 ||   133
       Fireball          |       |       |       |       |    14 ||    14
       Olgreb's Toxic Ra |       |       |       |       |     1 ||     1
Invok: Call Merchant     |       |       |       |     2 |     1 ||     3
Evoke: Wand              |       |       |       |    10 |     4 ||    14
  Use: Potion            |       |       |       |     2 |     1 ||     3
       Scroll            |       |       |       |    10 |    15 ||    25
 Stab: Distracted        |       |       |       |     1 |     3 ||     4
Armor: Robe              |     2 |     4 |     5 |    28 |    70 ||   109
       Skin              |       |       |       |     5 |       ||     5
Dodge: Dodged            |     5 |     7 |    27 |   114 |   339 ||   492
Block: Buckler           |       |       |       |       |    37 ||    37
       Rpst.: Long sword |       |       |       |       |    29 ||    29
